 Dungeon Crawl Stone Soup version 0.28-a0-1199-gef9e1dbd39 (webtiles) character file.

Game seed: 13145377651620089910

620 bande the Chopper (level 7, 0/44 HPs)
             Began as a Gargoyle Fighter on Dec 20, 2021.
             Was a Follower of Okawaru.
             Slain by a lemure (5 damage)
             ... led by Pikel
             ... on level 6 of the Dungeon.
             The game lasted 00:07:46 (4909 turns).

bande the Chopper (Gargoyle Fighter)                Turns: 4909, Time: 00:07:47

Health: 0/44       AC: 14    Str: 19    XL:     7   Next: 46%
Magic:  0/8        EV:  7    Int:  9    God:    Okawaru [*.....]
Gold:   230        SH:  5    Dex: 11    Spells: 6/6 levels left

rFire   . . .      SeeInvis .   a - +1 war axe
rCold   . . .      Faith    .   c - +1 buckler
rNeg    + . .      Spirit   +   p - +0 chain mail
rPois   ∞          Reflect  .   (no helmet)
rElec   +          Harm     .   (no cloak)
rCorr   .          Rampage  .   (no gloves)
Will    .....                   (no boots)
Stlth   ..........              r - amulet of guardian spirit
HPRegen 0.14/turn               (no ring)
MPRegen 0.11/turn               (no ring)

@: no status effects
A: sickness immunity, AC +4, negative energy resistance 1, electricity
resistance, torment resistance 1, petrification resistance
a: Renounce Religion, Heroism


You were on level 6 of the Dungeon.
You worshipped Okawaru.
Okawaru was aware of your devotion.
You visited 2 branches of the dungeon, and saw 7 of its levels.

You collected 230 gold pieces.

Inventory:

Hand Weapons
 a - a +1 war axe (weapon)
 k - a +0 war axe
Missiles
 q - a throwing net (quivered)
Armour
 c - a +1 buckler (worn)
 p - a +0 chain mail (worn)
Jewellery
 b - an amulet of magic regeneration
 h - a ring of fire
 r - an amulet of guardian spirit (around neck)
Scrolls
 j - 6 scrolls of teleportation
 o - a scroll of enchant armour
Potions
 d - a potion of might
 e - 2 potions of cancellation
 f - a potion of curing
 g - 2 potions of attraction {unknown}
 i - a potion of haste {unknown}
 l - 2 potions of mutation {unknown}
 m - a potion of flight {unknown}
 n - a potion of heal wounds {unknown}


   Skills:
 + Level 4.5 Fighting
 + Level 5.1 Axes
 + Level 4.9 Armour
 + Level 4.2 Shields
 * Level 2.4 Invocations


You had 6 spell levels left.
You didn't know any spells.
Your spell library contained the following spells:

 Spells                   Type           Power      Damage    Failure   Level
 Sting                    Tmut/Pois      0%         1d3       99%         1
 Static Discharge         Conj/Air       0%         N/A       100%        2
 Conjure Flame            Conj/Fire      0%         6-21      100%        3
 Frozen Ramparts          Ice            0%         1d2       100%        3
 Ignite Poison            Fire/Tmut/Pois 0%         N/A       100%        3
 Ozocubu's Armour         Ice            0%         N/A       100%        3
 Ice Form                 Ice/Tmut       0%         N/A       100%        4
 Petrify                  Tmut/Erth      0%         N/A       100%        4
 Sticky Flame             Conj/Fire      0%         2d3       100%        4
 Blade Hands              Tmut           0%         N/A       100%        5
 Iron Shot                Conj/Erth      0%         9d1       100%        6
 Ozocubu's Refrigeration  Ice            0%         4d5       100%        7
 Animate Armour           Summ/Erth      Unusable   N/A       N/A         4
 Summon Ice Beast         Ice/Summ       Unusable   N/A       N/A         4

Dungeon Overview and Level Annotations

Branches:
Dungeon (6/15)             Temple (1/1) D:4

Altars:
Ashenzari
Fedhas
Gozag
Hepliaklqana
Kikubaaqudgha
Okawaru
Ru
Trog
Xom

Annotations:
D:6 Pikel


Innate Abilities, Weirdness & Mutations

You are immune to sickness and miasma.
Your stone body is resilient. (AC +4)
You are immune to poison.
You resist negative energy. (rN+)
You are resistant to electric shocks. (rElec)
You are resistant to unholy torment.
You are immune to petrification.


Message History

The lemure is lightly wounded.
You completely miss the lemure. You closely miss the lemure.
You closely miss Pikel. You block the lemure's attack.
The lemure hits you but does no damage. Pikel barely misses you.
You barely miss the lemure.
The lemure is moderately wounded.
You closely miss Pikel. You closely miss the lemure. You hit the lemure. x2
The lemure hits you but does no damage. You block the lemure's attack. x2
The lemure hits you.
Pikel hits you with a +2 whip of freezing.
Pikel freezes you.
The lemure hits you but does no damage. x4
You slash Pikel!
Pikel is lightly wounded.
You hit the lemure but do no damage. You closely miss the lemure.
You hit the lemure. You hit the lemure but do no damage.
Pikel hits you but does no damage. The lemure completely misses you.
The lemure hits you. The lemure barely misses you.
The lemure hits you but does no damage. You block Pikel's attack.
You hit Pikel.
Pikel is moderately wounded.
You slash the lemure! You closely miss the lemure. You hit the lemure.
You hit the lemure but do no damage. The lemure hits you.
The lemure hits you but does no damage. x3; You block Pikel's attack.
Unknown command.
You barely miss Pikel.
Pikel is moderately wounded.
Your chain mail prevents you from hitting the lemure.
You slash the lemure! You hit the lemure. You closely miss the lemure.
You block the lemure's attack. The lemure hits you but does no damage.
The lemure barely misses you. The lemure hits you.
* * * LOW HITPOINT WARNING * * *
Pikel closely misses you.
You hit Pikel.
Pikel is moderately wounded.
You slash the lemure! You closely miss the lemure. x2
You barely miss the lemure. The lemure hits you!
* * * LOW HITPOINT WARNING * * *
The lemure hits you but does no damage. You block the lemure's attack.
The lemure hits you.
You die...

<.........
)............... #
.............(.. ..
................ .##
.......<.......( ..##
................##...#
.....................#
....._.........5K5...#
##.._8..#..(. #5@5#
##.._..##..# #..##
#.....#..# ##.#
#..###..# #.#
##.....## #.# ##...##
#.# #..## #.# ###...##
##.###### ###......#
##...##..#


You could see Pikel and 4 lemures.

Vanquished Creatures
  A black bear (D:6)
  2 ogres (D:5)
  A scorpion (D:5)
  A water moccasin skeleton (D:4)
  A hound (Temple)
  An orc priest (D:6)
  2 bullfrog skeletons
  A hound zombie (D:5)
  4 adders
  A shadow imp (D:6)
  An ufetubus (D:5)
  A worm (D:3)
  3 dart slugs
  5 orcs
  5 bats
  5 endoplasms
  2 giant cockroaches
  5 goblins
  5 hobgoblins
  4 jackals (D:2)
  4 quokkas
  5 ball pythons
  3 frilled lizards (D:2)
  A kobold (D:3)
  7 rats
71 creatures vanquished.

Notes
Turn   | Place    | Note
-------+----------+-------------------------------------------
     0 | D:1      | bande the Gargoyle Fighter began the quest for the Orb.
     0 | D:1      | Reached XP level 1. HP: 14/14 MP: 1/1
   199 | D:1      | Reached skill level 2 in Axes
   448 | D:1      | Reached XP level 2. HP: 19/19 MP: 2/2
   492 | D:1      | Found a faded altar of an unknown god.
  1196 | D:2      | Reached XP level 3. HP: 23/23 MP: 3/3
  1588 | D:2      | Got the Reference Book on Changing and Air
  1873 | D:3      | Reached XP level 4. HP: 29/29 MP: 4/4
  2009 | D:3      | Reached skill level 3 in Axes
  2432 | D:4      | Found a staircase to the Ecumenical Temple.
  2440 | D:4      | Reached XP level 5. HP: 24/33 MP: 5/5
  2454 | Temple   | Entered the Ecumenical Temple
  2775 | Temple   | Became a worshipper of Warmaster Okawaru
  3117 | D:4      | Reached skill level 4 in Axes
  3274 | D:4      | Reached XP level 6. HP: 35/38 MP: 6/6
  3398 | D:5      | Entered Level 5 of the Dungeon
  3434 | D:5      | Reached skill level 1 in Invocations
  3952 | D:5      | Reached * piety under Okawaru
  3953 | D:5      | Reached XP level 7. HP: 16/44 MP: 3/8
  4472 | D:6      | Found an opulent altar of Gozag.
  4483 | D:6      | Reached skill level 5 in Axes
  4485 | D:6      | Found a shimmering altar of Xom.
  4486 | D:6      | Found a sacrificial altar of Ru.
  4767 | D:6      | Found a blossoming altar of Fedhas.
  4897 | D:6      | Noticed Pikel
  4909 | D:6      | Slain by a lemure

Illustrated notes

Levels and vault maps discovered:
D:1:      dpeg_arrival_leaves_temple_mockup, layout_loops_ring,
          hellmonk_ecumenical_altar_crossroads
D:2:      layout_loops_ring, minmay_pentomino_t4
D:3:      layout_loops_ring, kennysheep_cluttered_room
D:4:      layout_basic, minmay_temple_entry_large_hall
D:5:      layout_loops_cross, lemuel_crystal_altar,
          nicolae_shop_sticking_my_neck_out
D:6:      minmay_goblin_kobold_castle, layout_layer_cave,
          mainiacjoe_overflow_alcove_1,
          chequers_temple_overflow_statue_of_worship, tso_metal_star,
          gup_sewer_entry_bowl, uniq_pikel
Temple:   compressed_dpeg_circular_temple

Skill      XL: |  1  2  3  4  5  6  7 |
---------------+----------------------+-----
Axes           | 2 3 4 5 |  5.1
Fighting       | 4 |  4.5
Armour         | 4 |  4.9
Shields        | 4 |  4.2
Invocations    | 2 |  2.4

Action                   |  1- 3 |  4- 6 |  7- 9 || total
-------------------------+-------+-------+-------++-------
Melee: War axe           |   112 |   132 |    40 ||   284
  Use: Scroll            |     5 |     3 |     1 ||     9
Armor: Scale mail        |    63 |    42 |       ||   105
       Chain mail        |       |    43 |    42 ||    85
Dodge: Dodged            |    51 |    62 |    20 ||   133
Block: Buckler           |    33 |    35 |    25 ||    93

Table legend: (Time is in decaauts)
 A = Elapsed time spent in this place.
 B = Non-inter-level travel time spent in this place.
 C = Inter-level travel time spent in this place.
 D = Time resting spent in this place.
 E = Time spent auto-exploring this place.
 F = Levels seen in this place.
 G = Mean time per level.
                   A        B        C        D        E       F      G
               +--------+--------+--------+--------+--------+-----+--------+
         Total |   5005 |   4952 |     53 |   1099 |   3000 |   7 |  715.0 |
       Dungeon |   4660 |   4607 |     53 |    824 |   2984 |   6 |  776.7 |
        Temple |    345 |    345 |      0 |    275 |     16 |   1 |  345.0 |
               +--------+--------+--------+--------+--------+-----+--------+

Top non-repeatable levels by time:
     D:5: 1084 daAuts
     D:1: 1025 daAuts
     D:2: 813 daAuts
     D:4: 681 daAuts
     D:3: 608 daAuts
     D:6: 446 daAuts
  Temple: 345 daAuts
